Map: Tropical Sacrifice

Players

llllllllllll (herO)

  • Race: Protoss Protoss
  • League: Grandmaster
  • Spawn Location: 7:00

Bunny - Winner!

  • Race: Terran Terran
  • League: Silver
  • Spawn Location: 1:00

VOD

Have the link to the VOD?

Description

Time

  • Played on: Oct. 20, 2022, 7:46 a.m.
  • Length: 6:54
Show
View Real Time Build Order
Export as new Build Order

llllllllllll Protoss 

Build Orders:  

Get SALT Encoding   

  12  0:00  Probe  
  13  0:13  Pylon  
  13  0:18  Probe  
  14  0:31  Gateway  
  14  0:35  Probe (Chrono Boost)  
  15  0:42  Assimilator  
  15  0:47  Probe (Chrono Boost)  
  16  0:54  Probe (Chrono Boost)  
  16  0:57  Assimilator  
  17  1:01  Probe  
  18  1:13  Probe  
  19  1:19  Cybernetics Core  
  19  1:24  Pylon  
  19  1:26  Probe  
  20  1:38  Probe  
  21  1:50  Probe  
  21  1:53  Stalker (Chrono Boost)  
  22  1:57  Robotics Facility  
  24  2:02  Probe  
  24  2:05  Warp Gate  
  24  2:15  Stalker  
  24  2:17  Probe  
  28  2:31  Pylon  
  26  2:41  Immortal (Chrono Boost)  
  30  2:51  Stalker  
  30  2:54  Probe  
  33  3:10  Warp Prism (Chrono Boost)  
  35  3:20  Pylon  
  35  3:26  Stalker  
  37  3:44  Immortal  
  40  4:03  Stalker  
  42  4:16  Twilight Council  
  42  4:23  Observer  
  43  4:27  Stalker  
  43  4:28  Gateway  
  43  4:29  Pylon  
  33  4:48  Warp Prism (Chrono Boost)  
  29  4:54  Dark Shrine  
  29  5:04  Stalker  
  31  5:10  Probe  
  32  5:18  Observer  
  33  5:39  Observer  
  33  5:43  Nexus  
  33  5:44  Probe  
  34  5:56  Probe  
  34  6:06  Dark Templar x2  
  34  6:08  Probe  
  39  6:20  Probe  
  40  6:32  Probe  
Show
View Real Time Build Order
Export as new Build Order

Bunny Terran - Winner!

Build Orders: Cyclone Opening 

Get SALT Encoding   

  12  0:00  SCV  
  13  0:12  SCV  
  14  0:17  Supply Depot  
  14  0:24  SCV  
  15  0:39  SCV  
  15  0:40  Barracks  
  16  0:45  Refinery  
  16  0:51  SCV  
  16  0:56  Refinery  
  17  1:03  SCV  
  18  1:15  SCV  
  19  1:27  Reaper  
  19  1:28  Orbital Command  
  20  1:37  Supply Depot  
  20  1:50  Factory  
  20  1:54  SCV  
  22  2:07  SCV  
  22  2:19  SCV  
  22  2:31  SCV  
  22  2:34  Command Center, Factory Tech Lab  
  23  2:43  SCV  
  23  2:44  Barracks Reactor  
  24  2:47  Starport  
  24  2:54  Cyclone  
  24  2:55  SCV  
  28  3:02  Supply Depot  
  28  3:07  SCV  
  29  3:19  Marine  
  30  3:20  SCV  
  30  3:24  Marine  
  30  3:26  Siege Tank  
  35  3:31  Viking  
  37  3:36  SCV  
  37  3:37  Marine  
  39  3:45  Marine  
  39  3:47  Bunker  
  40  3:49  SCV  
  39  3:57  Marine  
  39  3:58  Siege Tank  
  37  4:03  Marine  
  37  4:09  Viking  
  38  4:15  Marine  
  39  4:18  Orbital Command  
  39  4:21  Marine  
  39  4:24  Bunker  
  39  4:34  Bunker  
  39  4:36  Marine  
  40  4:38  Marine  
  36  4:48  Supply Depot  
  36  4:57  Marine  
  37  5:00  Marine  
  37  5:06  Factory Tech Lab  
  38  5:07  Raven  
  40  5:15  Marine  
  40  5:17  Marine  
  42  5:24  Orbital Command  
  42  5:25  Siege Tank  
  42  5:26  Supply Depot  
  42  5:27  SCV  
  46  5:34  Marine  
  47  5:35  Marine  
  47  5:40  SCV  
  47  5:41  Bunker  
  49  5:49  SCV  
  50  5:52  SCV, Marine  
  50  5:53  Marine  
  53  5:57  Siege Tank  
  56  6:05  Barracks  
  56  6:07  Barracks  
  56  6:10  SCV x2  
  58  6:13  Marine x2  
  60  6:18  Supply Depot  
  60  6:22  SCV  
  60  6:24  SCV  
  62  6:27  Supply Depot  
  62  6:28  Starport Reactor  
Tags
 
Add a new tag
Caveats
  • Supply blocks, unpowered buildings, or Contaminate may cause inaccurate times.
  • Supply counts are checked every 10 seconds.